 Dungeon Crawl Stone Soup version 0.29-a0-384-g6960b1960d (webtiles) character file.

Game seed: 16591592355749945593

432 jimonade the Insei (level 7, -5/35 HPs)
             Began as a Vine Stalker Transmuter on May 7, 2022.
             Slain by a wraith (11 damage)
             ... on level 5 of the Dungeon.
             The game lasted 00:16:27 (5062 turns).

jimonade the Insei (Vine Stalker Transmuter)        Turns: 5062, Time: 00:16:28

Health: -5/35      AC:  3    Str: 14    XL:     7   Next: 0%
Magic:  0/13       EV: 12    Int: 13    God:
Gold:   175        SH:  0    Dex: 15    Spells: 6/13 levels left

rFire   . . .      SeeInvis +     - Unarmed
rCold   . . .      Faith    .   (no shield)
rNeg    . . .      Spirit   +   a - +0 robe
rPois   .          Reflect  .   (no helmet)
rElec   .          Harm     .   f - +0 cloak
rCorr   .          Rampage  .   (no gloves)
Will    .....                   (no boots)
Stlth   +.........              (no amulet)
HPRegen 0.91/turn               n - ring of see invisible
MPRegen 0.13/turn               (no ring)

@: slowed, very slow
A: fangs 2, regeneration 1, magic shield, antimagic bite, no potion heal 2
a: no special abilities


You were on level 5 of the Dungeon.
You visited 2 branches of the dungeon, and saw 6 of its levels.
You also visited: Ossuary.

You collected 175 gold pieces.

Inventory:

Hand Weapons
 s - a +2 short sword of venom
 u - a +2 hand crossbow of freezing
Missiles
 m - 161 stones
Armour
 a - a +0 robe (worn)
 f - a +0 cloak (worn)
 r - a +0 buckler
Magical Staves
 t - a staff of earth
 y - a staff of conjuration
Jewellery
 c - the ring "Fecaju" {rElec rN+ Will+ Int-2}
   (You acquired it on level 5 of the Dungeon)

   [ring of positive energy]

   Int:       It affects your intelligence (-2).
   rElec:     It insulates you from electricity.
   rN:        It protects you from negative energy.
   Will:      It increases your willpower.
 n - a ring of see invisible (left hand)
Scrolls
 e - a scroll of enchant weapon {unknown}
 g - 2 scrolls of fog
 i - a scroll of identify
 w - a scroll of amnesia
 B - a scroll of magic mapping {unknown}
Potions
 b - a potion of lignification
 d - a potion of flight {unknown}
 h - 2 potions of might {unknown}
 j - 2 potions of heal wounds
 k - a potion of attraction {unknown}
 l - a potion of brilliance {unknown}
 o - 2 potions of berserk rage {unknown}
 p - 3 potions of haste {unknown}
 q - a potion of degeneration {unknown}
 v - 6 potions of curing
 z - 2 potions of invisibility
 A - a potion of ambrosia {unknown}


   Skills:
 * Level 2.6 Fighting
 + Level 1.7 Dodging
 + Level 4.9 Unarmed Combat
 + Level 3.8 Spellcasting
 + Level 3.5 Transmutations
 * Level 1.7 Ice Magic


You had 6 spell levels left.
You knew the following spells:

 Your Spells              Type           Power      Damage    Failure   Level
a - Beastly Appendage     Tmut           22%        N/A       4%          1
b - Wereblood             Tmut           11%        N/A       8%          2
c - Spider Form           Tmut/Pois      7%         N/A       30%         3
d - Freeze                Ice            28%        1d5       11%         1

Your spell library contained the following spells:

 Spells                   Type           Power      Damage    Failure   Level
 Frozen Ramparts          Ice            14%        1d3       30%         3
 Sublimation of Blood     Necr           2%         N/A       32%         2
 Ice Form                 Ice/Tmut       9%         N/A       56%         4
 Petrify                  Tmut/Erth      7%         N/A       71%         4
 Hailstorm                Conj/Ice       4%         3d4       82%         4
 Irradiate                Conj/Tmut      3%         3d14      96%         5


Dungeon Overview and Level Annotations

Branches:
Dungeon (5/15)             Temple (1/1) D:4         Ossuary (visited)

Altars:
Cheibriados
Dithmenos
Elyvilon
Fedhas
Hepliaklqana
Kikubaaqudgha
Makhleb
Ru
Uskayaw
Wu Jian
Xom


Innate Abilities, Weirdness & Mutations

You have extremely sharp teeth.
Your natural rate of healing is unusually fast.
When hurt, damage is shared between your health and your magic reserves.
Your bite disrupts and absorbs the magic of your enemies.
Potions cannot restore your health.


Message History

The wraith hits you!
You are too injured to fight recklessly!
You are too injured to fight recklessly!
You barely miss the wraith. You claw the wraith.
You bite the wraith, but do no damage.
The wraith is moderately damaged.
The wraith hits you. The wraith drains your vigour!
You feel as though you will be slow longer.
You hit the wraith. You claw the wraith, but do no damage.
The wraith is moderately damaged.
The wraith barely misses you. x2
You barely miss the wraith. Your headbutt misses the wraith.
You bite the wraith, but do no damage.
The wraith is moderately damaged.
The wraith barely misses you.
You closely miss the wraith. You headbutt the wraith.
You punch the wraith, but do no damage.
The wraith is heavily damaged.
The wraith hits you!
* * * LOW HITPOINT WARNING * * *
The wraith drains your vigour!
You feel as though you will be slow longer.
You hit the wraith but do no damage. You claw the wraith.
Your headbutt misses the wraith. Your bite misses the wraith.
The wraith is heavily damaged.
The wraith hits you.
* * * LOW HITPOINT WARNING * * *
The wraith barely misses you.
You hit the wraith but do no damage. Your kick misses the wraith.
Your headbutt misses the wraith.
The wraith is heavily damaged.
The wraith misses you.
You hit the wraith. You claw the wraith.
The wraith is severely damaged.
Your horns disappear.
Your talons disappear.
The wraith closely misses you. The wraith barely misses you.
You hit the wraith but do no damage. Your bite misses the wraith.
The wraith is severely damaged.
The wraith hits you!
You die...

### ##.# [
##..###
....#.....#
#......@#
#......W..#
#.##...##.#
# #!#.# .#
#..## # #..
#.. #..


You could see a wraith.

Vanquished Creatures
  An ogre (D:4)
  A jelly (D:4)
  Crazy Yiuf (D:4)
  An orc priest (D:4)
  A mummy (Ossuary)
  3 gnolls (D:4)
  7 adders
  3 worms
  A dart slug (D:1)
  4 orcs (D:4)
  2 spectral bats (Ossuary)
  10 endoplasms
  3 giant cockroaches
  12 gnoll zombies (Ossuary)
  10 goblins
  9 hobgoblins
  3 jackals (D:4)
  9 kobolds
  5 quokkas
  9 ball pythons
  7 bats
  5 bat simulacra (Ossuary)
  4 frilled lizards
  4 goblin simulacra (Ossuary)
  5 goblin zombies (Ossuary)
  2 hobgoblin zombies (Ossuary)
  2 kobold simulacra (Ossuary)
  6 kobold zombies (Ossuary)
  5 orc zombies (Ossuary)
  7 rats
  6 rat simulacra (Ossuary)
  3 spectral goblins (Ossuary)
  4 spectral kobolds (Ossuary)
  2 spectral rats (Ossuary)
157 creatures vanquished.

Notes
Turn   | Place    | Note
-------+----------+-------------------------------------------
     0 | D:1      | jimonade the Vine Stalker Transmuter began the quest for
                  | the Orb.
     0 | D:1      | Reached XP level 1. HP: 9/9 MP: 4/4
    41 | D:1      | Reached skill level 1 in Fighting
   331 | D:1      | Reached XP level 2. HP: 11/14 MP: 6/6
   969 | D:1      | Reached XP level 3. HP: 15/18 MP: 4/7
  1806 | D:2      | Gained mutation: Your natural rate of healing is unusually
                  | fast. [Vine Stalker growth]
  1806 | D:2      | Reached XP level 4. HP: 15/22 MP: 4/9
  2066 | D:2      | Found a faded altar of an unknown god.
  2216 | D:2      | Reached skill level 4 in Unarmed Combat
  2797 | D:3      | Reached XP level 5. HP: 26/26 MP: 8/10
  3375 | D:4      | Found a staircase to the Ecumenical Temple.
  3387 | Temple   | Entered the Ecumenical Temple
  3742 | D:4      | Noticed an ogre
  3823 | D:3      | Learned a level 2 spell: Wereblood
  3827 | D:3      | Learned a level 3 spell: Spider Form
  3829 | D:3      | Learned a level 1 spell: Freeze
  3836 | D:4      | Killed an ogre
  3837 | D:4      | Reached skill level 1 in Ice Magic
  3837 | D:4      | Reached XP level 6. HP: 5/31 MP: 1/12
  4051 | D:4      | Found an ornate altar of the Wu Jian Council.
  4464 | D:4      | Found a runed translucent door.
  4465 | D:4      | Noticed Crazy Yiuf
  4474 | D:4      | Killed Crazy Yiuf
  4535 | D:5      | Entered Level 5 of the Dungeon
  4541 | D:5      | Identified a scroll of acquirement
  4541 | D:5      | Acquired the ring "Fecaju" {rElec rN+ Will+ Int-2}
  4545 | D:5      | Found a sand-covered staircase.
  4546 | D:5      | Noticed a wraith
  4549 | Ossuary  | Entered an ossuary
  5026 | Ossuary  | Reached XP level 7. HP: 35/35 MP: 13/13
  5062 | D:5      | Slain by a wraith

Illustrated notes

Levels and vault maps discovered:
D:1:      shiori_shiawase, layout_loops_corners
D:2:      layout_basic, dreamdust_ecumenical_altar_angels_and_demons,
          minmay_split_cup_large
D:3:      layout_loops_ring, roderic_cross_of_infinity
D:4:      layout_basic, nzn_wu_jian_contemplation,
          minmay_temple_entry_mini_moons, uniq_crazy_yiuf_cottage
D:5:      layout_loops_ring, lemuel_mausoleum_altar_yredelemnul,
          lightli_ossuary_entry_decrepit_ruins
Temple:   jpeg_temple_alley_garden

Skill      XL: |  1  2  3  4  5 |
---------------+----------------+-----
Fighting       | 1 2 |  2.6
Spellcasting   | 3 |  3.8
Unarmed Combat | 4 |  4.9
Transmutations | 3 |  3.5
Ice Magic      | 1 |  1.7
Dodging        | |  1.7

Action                   |  1- 3 |  4- 6 |  7- 9 || total
-------------------------+-------+-------+-------++-------
Melee: Unarmed           |    90 |   247 |    10 ||   347
       Kick              |    19 |    69 |     4 ||    92
       Bite              |    15 |    49 |     2 ||    66
       Headbutt          |     8 |    44 |     2 ||    54
       Punch             |       |     5 |     1 ||     6
 Cast: Beastly Appendage |    28 |    64 |     1 ||    93
  Use: Scroll            |       |     9 |       ||     9
 Stab: Sleeping          |     1 |     4 |       ||     5
Armor: Robe              |    17 |    36 |     1 ||    54
Dodge: Dodged            |    41 |   128 |     8 ||   177

Table legend: (Time is in decaauts)
 A = Elapsed time spent in this place.
 B = Non-inter-level travel time spent in this place.
 C = Inter-level travel time spent in this place.
 D = Time resting spent in this place.
 E = Time spent auto-exploring this place.
 F = Levels seen in this place.
 G = Mean time per level.
                   A        B        C        D        E       F      G
               +--------+--------+--------+--------+--------+-----+--------+
         Total |   5037 |   4866 |    171 |    333 |   3287 |   7 |  719.6 |
       Dungeon |   4301 |   4150 |    151 |    333 |   2939 |   5 |  860.2 |
        Temple |    242 |    222 |     20 |      0 |    198 |   1 |  242.0 |
       Ossuary |    493 |    493 |      0 |      0 |    150 |   1 |  493.0 |
               +--------+--------+--------+--------+--------+-----+--------+

Top non-repeatable levels by time:
     D:1: 1431 daAuts
     D:4: 1249 daAuts
     D:2: 866 daAuts
     D:3: 726 daAuts
 Ossuary: 493 daAuts
  Temple: 242 daAuts
     D:5: 27 daAuts
